 Seeded DCSS version 0.28-a0-1235-g7c8fac35f0 (webtiles) character file.

Game seed: 11023650935340118060 (custom seed)

2 croobank the Sneak (level 1, 0/14 HPs)
             Began as a Gargoyle Delver on Dec 24, 2021.
             Slain by a bullfrog skeleton (3 damage)
             ... on level 4 of the Dungeon.
             The game lasted 00:02:40 (226 turns).

croobank the Sneak (Gargoyle Delver)                 Turns: 226, Time: 00:02:41

Health: 0/14       AC:  6    Str: 18    XL:     1   Next: 40%
Magic:  1/1        EV: 12    Int: 10    God:
Gold:   11         SH:  0    Dex: 11    Spells: 0/0 levels left

rFire   x . .      SeeInvis .   a - +0 falchion
rCold   . . .      Faith    .   (no shield)
rNeg    + . .      Spirit   .   j - +0 robe "Tecy" {+Inv rF- Str+3 Stlth+}
rPois   ∞          Reflect  .   (no helmet)
rElec   +          Harm     .   (no cloak)
rCorr   .          Rampage  .   l - +1 pair of gloves
Will    .....                   (no boots)
Stlth   ++++......              (no amulet)
HPRegen 0.04/turn               h - ring of wizardry
MPRegen 0.07/turn               (no ring)

@: no status effects
A: sickness immunity, AC +2, negative energy resistance 1, electricity
resistance, torment resistance 1, petrification resistance
a: Evoke Invisibility


You were on level 4 of the Dungeon.
You visited 1 branch of the dungeon, and saw 2 of its levels.

You collected 11 gold pieces.

Inventory:

Hand Weapons
 a - a +0 falchion (weapon)
Missiles
 i - 17 stones (quivered)
Armour
 b - a +0 leather armour
 j - the +0 robe "Tecy" (worn) {+Inv rF- Str+3 Stlth+}
   (You found it on level 5 of the Dungeon)

   Str:       It affects your strength (+3).
   rF:        It makes you vulnerable to fire.
   +Inv:      It lets you turn invisible.
   Stlth:     It makes you more stealthy.
 l - a +1 pair of gloves (worn)
 m - a +0 scale mail
Jewellery
 h - a ring of wizardry (left hand)
Wands
 g - a wand of digging (3)
Scrolls
 c - a scroll of fog
 e - 2 scrolls of fear
 k - a scroll of teleportation {teleport, unknown}
Potions
 f - a potion of haste


   Skills:
 + Level 3.3 Fighting
 + Level 1.8 Long Blades
 + Level 1.6 Dodging
 + Level 5.5 Stealth


You couldn't memorise any spells.
You didn't know any spells.
Your spell library was empty.

Dungeon Overview and Level Annotations

Branches:
Dungeon (5/15)
 Temple: D:4-7

Altars:


Innate Abilities, Weirdness & Mutations

You are immune to sickness and miasma.
Your stone body is resilient. (AC +2)
You are immune to poison.
You resist negative energy. (rN+)
You are resistant to electric shocks. (rElec)
You are resistant to unholy torment.
You are immune to petrification.


Message History

The bullfrog skeleton hits you.
You slash the bullfrog skeleton!
The bullfrog skeleton is moderately damaged.
The bullfrog skeleton barely misses you.
The bullfrog skeleton closely misses you.
You slash the bullfrog skeleton!
The bullfrog skeleton is heavily damaged.
The bullfrog skeleton hits you.
The bullfrog skeleton hits you but does no damage.
You hit the bullfrog skeleton.
The bullfrog skeleton is heavily damaged.
The bullfrog skeleton hits you.
You barely miss the bullfrog skeleton.
The bullfrog skeleton is heavily damaged.
The bullfrog skeleton misses you.
The bullfrog skeleton hits you but does no damage.
You completely miss the bullfrog skeleton.
The bullfrog skeleton is heavily damaged.
The bullfrog skeleton closely misses you.
You hit the bullfrog skeleton.
The bullfrog skeleton is severely damaged.
The bullfrog skeleton closely misses you. x2
You hit the bullfrog skeleton but do no damage.
The bullfrog skeleton is severely damaged.
The bullfrog skeleton hits you but does no damage.
You barely miss the bullfrog skeleton.
The bullfrog skeleton is severely damaged.
The bullfrog skeleton closely misses you.
The bullfrog skeleton hits you but does no damage.
You barely miss the bullfrog skeleton.
The bullfrog skeleton is severely damaged.
The bullfrog skeleton barely misses you.
The bullfrog skeleton hits you.
* * * LOW HITPOINT WARNING * * *
The bullfrog skeleton closely misses you.
You don't know any spells.
You hit the bullfrog skeleton.
The bullfrog skeleton is almost destroyed.
The bullfrog skeleton hits you.
You die...

###.#####.# ###.# #.#
....# #.# ##### #.# #.#
#.# #.#
********#.#############
,,,,,,,,#.......@Z....#
******,*#############.#
*,,,,,,,,,,,,,,#.#
**************,#.#
*,#.# *,#.# *,#.# **
*******,#.# ,*
*,,,,,,,..#


You could see a bullfrog skeleton.

Vanquished Creatures
  A giant cockroach (D:4)
  A hobgoblin (D:4)
2 creatures vanquished.

Notes
Turn   | Place    | Note
-------+----------+-------------------------------------------
     0 | D:5      | croobank the Gargoyle Delver began the quest for the Orb.
     0 | D:5      | Reached XP level 1. HP: 14/14 MP: 1/1
    33 | D:5      | Identified the +0 robe "Tecy" {+Inv rF- Str+3 Stlth+}
    54 | D:5      | Noticed an iguana
   130 | D:4      | Noticed a phantom
   163 | D:4      | Noticed an iguana
   226 | D:4      | Slain by a bullfrog skeleton

Illustrated notes

Levels and vault maps discovered:
D:4:      layout_basic, fiery_altar_vehumet, uniq_duvessa
D:5:      cheibrodos_fertilizer, layout_loops_ring

Action                   || total
-------------------------++-------
Melee: Falchion          ||    14
  Use: Scroll            ||     1
Armor: Robe              ||     4
Dodge: Dodged            ||    12

Table legend: (Time is in decaauts)
 A = Elapsed time spent in this place.
 B = Non-inter-level travel time spent in this place.
 C = Inter-level travel time spent in this place.
 D = Time resting spent in this place.
 E = Time spent auto-exploring this place.
 F = Levels seen in this place.
 G = Mean time per level.
                   A        B        C        D        E       F      G
               +--------+--------+--------+--------+--------+-----+--------+
         Total |    228 |    228 |      0 |      0 |     30 |   2 |  114.0 |
       Dungeon |    228 |    228 |      0 |      0 |     30 |   2 |  114.0 |
               +--------+--------+--------+--------+--------+-----+--------+

Top non-repeatable levels by time:
     D:4: 166 daAuts
     D:5: 61 daAuts
